Tamiflu vs Ice Dragons

Created - 26 octobre 2016 at 23:59

Goals
1 2 3 T
Tamiflu 2 1 0 3
Ice Dragons 0 1 1 2
Shots
1 2 3 T
Tamiflu 13 4 6 23
Ice Dragons 8 4 6 18

1st period

1. Tamiflu , Mattias Tedenby 1 (Nino Niederreiter) at 17:32
2. Tamiflu , Petr Pohl 1 (Adam Larsson) at 17:46

Penalties :
Tyler Haskins (Kin) for Boarding (Major) at 6:11

2nd period

3. Ice Dragons , Jordan LaVallee 1 (Tomas Kudelka) at 1:31
4. Tamiflu , Robert Dome 1 (Justin Braun, Nino Niederreiter) at 6:37

Penalties :
Brandon Kozun (Kin) for Hooking (Minor) at 2:40, Tyler Haskins (Kin) for Tripping (Minor) at 6:40

3rd period

5. Ice Dragons , Brayden McNabb 1 (Ian Cole, Nick Palmieri) at 3:23

Penalties :
Adam Larsson (Det) for Holding (Minor) at 0:59, Philip Samuelsson (Det) for Tripping (Minor) at 3:26, Robert Dome (Det) for Tripping (Minor) at 11:24, Nino Niederreiter (Det) for Hooking (Minor) at 19:45

Goalie Stats

Thomas Greiss (Det), 16 saves from 18 shots - (0,889), W, 1-0-0, 60:00 minutes
Justin Pogge (Kin), 20 saves from 23 shots - (0,870), L, 0-1-0, 59:18 minutes

Players Stats for Tamiflu

Player Name              G  A  P  +/- PIM S  H  SB GA TA FO     MP     PP MP  PK MP  
------------------------------------------------------------------------------------
Adam Larsson             0  1  1   0  2   0  3  1  0  1  0/0    20:36   3:41   2:21 
Casey Wellman            0  0  0  -1  0   0  0  0  0  0  0/1     8:12   0:00   0:00 
Colin Greening           0  0  0   1  0   0  3  0  0  0  1/2    11:31   1:15   0:00 
Greg Mauldin             0  0  0   1  0   4  1  1  0  0  4/16   17:56   4:07   1:10 
Jamie Arniel             0  0  0   0  0   1  2  0  0  0  5/9    18:33   3:28   1:33 
Jan Mursak               0  0  0  -1  0   2  1  0  0  0  2/7    12:05   0:00   3:33 
Jordan Hendry            0  0  0   0  0   2  1  0  0  0  0/0    23:49   4:42   2:30 
Justin Braun             0  1  1   1  0   1  0  2  0  0  0/0    16:06   0:34   1:55 
Mattias Tedenby          1  0  1   1  0   2  2  0  1  0  0/0    11:36   1:07   0:00 
Mike Duco                0  0  0   1  0   0  3  0  0  0  0/0    15:53   1:18   3:28 
Nathan Oystrick          0  0  0   0  0   0  1  0  0  2  0/0    18:00   0:34   3:41 
Nino Niederreiter        0  2  2   0  2   0  2  1  0  0  1/2    19:00   4:04   1:33 
Petr Pohl                1  0  1   1  0   5  3  0  0  0  0/0    16:08   3:28   0:00 
Philip Samuelsson        0  0  0   0  2   0  0  0  0  1  0/0    24:06   4:42   1:26 
Rich Clune               0  0  0  -1  0   0  2  0  0  0  0/0     8:44   0:32   0:00 
Robert Dome              1  0  1   0  2   6  4  0  1  0  1/1    16:39   4:07   0:00 
Stefan Elliott           0  0  0   1  0   0  0  1  0  0  0/0    17:51   3:41   0:29 
Tye McGinn               0  0  0   1  0   0  0  0  0  0  0/0    17:00   3:25   1:05 

Players Stats for Ice Dragons

Player Name              G  A  P  +/- PIM S  H  SB GA TA FO     MP     PP MP  PK MP  
------------------------------------------------------------------------------------
Alexander Urbom          0  0  0   0  0   1  0  1  0  0  0/0    12:28   0:27   0:24 
Bradley Malone           0  0  0   0  0   0  1  1  0  0  0/2     5:04   0:00   0:00 
Brandon Kozun            0  0  0  -1  2   0  0  0  0  0  1/1    13:25   0:41   0:11 
Brayden McNabb           1  0  1  -1  0   2  0  1  0  0  0/0    23:21   3:15   4:36 
Ian Cole                 0  1  1  -1  0   3  1  1  0  0  0/0    26:48   2:48   4:43 
Joey Hishon              0  0  0   0  0   0  0  0  0  0  0/0     9:00   0:38   0:00 
Jordan LaVallee          1  0  1   1  0   2  2  1  0  1  2/3    20:37   2:33   3:22 
Kyle Bigos               0  0  0   0  0   0  2  0  0  0  0/0     5:51   0:00   0:38 
Logan MacMillan          0  0  0  -1  0   2  0  0  0  0  0/0    15:05   0:00   3:53 
Marek Viedensky          0  0  0  -1  0   0  1  0  0  0  4/4    14:37   0:27   2:32 
Michael Latta            0  0  0  -1  0   1  1  0  0  0  7/8    16:26   3:01   1:04 
Nick Palmieri            0  1  1   1  0   5  0  4  1  0  1/5    23:07   2:33   3:45 
Petr Vrana               0  0  0  -1  0   0  3  0  1  1  1/1    19:30   3:01   3:07 
Ryan Reaves              0  0  0  -1  0   0  0  0  1  0  0/0    16:03   2:56   0:00 
Samuel Groulx            0  0  0   0  0   0  1  0  0  0  0/0    12:16   0:00   0:55 
Slava Voynov             0  0  0   0  0   1  2  0  0  0  0/0    19:39   2:56   3:20 
Tomas Kudelka            0  1  1   0  0   0  2  1  1  0  0/0    19:37   2:56   3:18 
Tyler Haskins            0  0  0   1  7   1  0  0  0  0  8/14   18:06   2:43   0:00 

3 Stars

1 - Petr Pohl (Det)
2 - Jordan LaVallee (Kin)
3 - Mattias Tedenby (Det)

Power Play

Tamiflu - 0 on 3 Attempt(s) - 0,00%
Ice Dragons - 0 on 4 Attempt(s) - 0,00%

Penalty Kill

Tamiflu - 4 on 4 Attempt(s) - 100,00% - Score 0 goal in Penalty Kill
Ice Dragons - 3 on 3 Attempt(s) - 100,00% - Score 0 goal in Penalty Kill

Team Stat

Tamiflu - Hits : 28 - Faceoff Wins : 14 - Blocked Shots : 6 - Penalty Minutes : 8
Ice Dragons - Hits : 16 - Faceoff Wins : 24 - Blocked Shots : 10 - Penalty Minutes : 9

Official

Referees : StPierre Justin and Meier Brad
Linesman : Scott Driscoll and Brian Mach

Game Notes

No Game Note

Finance

Level 1 -- Attendance: 1457 (72,85%) -- Ticket Income 50 995 $
Level 2 -- Attendance: 779 (77,90%) -- Ticket Income 11 685 $
Total Attendance: 2236 (74,53%)
Total Ticket Income: 62 680 $
Other Income: 3 134 $
Total Income: 65 814 $

Tamiflu

5 vs 5 Forward 
   Center                   Left Wing                Right Wing               Time % Phy DF OF 
 1 Greg Mauldin             Tye McGinn               Petr Pohl                35     1   2  2  
 2 Jamie Arniel             Robert Dome              Nino Niederreiter        35     1   2  2  
 3 Colin Greening           Mike Duco                Mattias Tedenby          20     1   2  2  
 4 Casey Wellman            Rich Clune               Jan Mursak               10     1   2  2  

5 vs 5 Defense 
   Defense                  Defense                                           Time % Phy DF OF 
 1 Philip Samuelsson        Jordan Hendry                                     40     1   2  2  
 2 Nathan Oystrick          Adam Larsson                                      30     1   2  2  
 3 Justin Braun             Stefan Elliott                                    20     1   2  2  
 4 Philip Samuelsson        Adam Larsson                                      10     1   2  2  

PowerPlay Forward 
   Center                   Left Wing                Right Wing               Time % Phy DF OF 
 1 Greg Mauldin             Robert Dome              Nino Niederreiter        60     1   2  2  
 2 Jamie Arniel             Tye McGinn               Petr Pohl                40     1   2  2  

PowerPlay Defense
   Defense                  Defense                                           Time % Phy DF OF 
 1 Philip Samuelsson        Jordan Hendry                                     60     1   2  2  
 2 Stefan Elliott           Adam Larsson                                      40     1   2  2  

Penalty Kill 4 Players Forward 
   Center                   Wing                     Time % Phy DF OF 
 1 Jan Mursak               Mike Duco                60     1   2  2  
 2 Jamie Arniel             Nino Niederreiter        40     1   2  2  

Penalty Kill 4 Players Defense
   Defense                  Defense                  Time % Phy DF OF 
 1 Nathan Oystrick          Adam Larsson             50     1   2  2  
 2 Philip Samuelsson        Jordan Hendry            50     1   2  2  

Penalty Kill - 3 Players Forward 
   Forward                                           Time % Phy DF OF 
 1 Mike Duco                                         60     1   2  2  
 2 Nino Niederreiter                                 40     1   2  2  

Penalty Kill - 3 Players Defense
   Defense                  Defense                  Time % Phy DF OF 
 1 Nathan Oystrick          Jordan Hendry            60     1   2  2  
 2 Philip Samuelsson        Adam Larsson             40     1   2  2  

4 vs 4 Forward 
   Center                   Wing                     Time % Phy DF OF 
 1 Greg Mauldin             Petr Pohl                50     1   2  2  
 2 Robert Dome              Nino Niederreiter        50     1   2  2  

4 vs 4 Defense
   Defense                  Defense                  Time % Phy DF OF 
 1 Philip Samuelsson        Jordan Hendry            60     1   2  2  
 2 Nathan Oystrick          Stefan Elliott           40     1   2  2  

Last Minutes Offensive
   Center                   Left Wing                Right Wing               Defense                  Defense                  
   Greg Mauldin             Robert Dome              Petr Pohl                Philip Samuelsson        Jordan Hendry            

Last Minutes Defensive
   Center                   Left Wing                Right Wing               Defense                  Defense                  
   Jamie Arniel             Mike Duco                Nino Niederreiter        Philip Samuelsson        Nathan Oystrick          

Goaltenders
Starting : Thomas Greiss            
Backup : Joe Fallon               

Extra Forwards
Normal : Petr Pohl, Nino Niederreiter, Mattias Tedenby - PP : Mattias Tedenby, Mike Duco - PK : Greg Mauldin
Extra Defensemen
Normal : Philip Samuelsson, Adam Larsson, Stefan Elliott - PP : Nathan Oystrick - PK : Justin Braun, Stefan Elliott
Penalty Shots
Mattias Tedenby, Jamie Arniel, Jan Mursak, Robert Dome, Greg Mauldin

Ice Dragons

5 vs 5 Forward 
   Center                   Left Wing                Right Wing               Time % Phy DF OF 
 1 Tyler Haskins            Jordan LaVallee          Nick Palmieri            40     3   1  1  
 2 Michael Latta            Petr Vrana               Ryan Reaves              30     3   1  1  
 3 Marek Viedensky          Logan MacMillan          Brandon Kozun            20     3   1  1  
 4 Bradley Malone           Petr Vrana               Nick Palmieri            10     3   1  1  

5 vs 5 Defense 
   Defense                  Defense                                           Time % Phy DF OF 
 1 Ian Cole                 Brayden McNabb                                    40     3   1  1  
 2 Slava Voynov             Tomas Kudelka                                     30     3   1  1  
 3 Alexander Urbom          Samuel Groulx                                     20     3   1  1  
 4 Kyle Bigos               Ian Cole                                          10     3   1  1  

PowerPlay Forward 
   Center                   Left Wing                Right Wing               Time % Phy DF OF 
 1 Tyler Haskins            Jordan LaVallee          Nick Palmieri            60     2   1  2  
 2 Michael Latta            Petr Vrana               Ryan Reaves              40     2   1  2  

PowerPlay Defense
   Defense                  Defense                                           Time % Phy DF OF 
 1 Ian Cole                 Brayden McNabb                                    60     2   1  2  
 2 Slava Voynov             Tomas Kudelka                                     40     2   1  2  

Penalty Kill 4 Players Forward 
   Center                   Wing                     Time % Phy DF OF 
 1 Nick Palmieri            Logan MacMillan          60     3   2  0  
 2 Jordan LaVallee          Petr Vrana               40     3   2  0  

Penalty Kill 4 Players Defense
   Defense                  Defense                  Time % Phy DF OF 
 1 Ian Cole                 Brayden McNabb           60     3   2  0  
 2 Slava Voynov             Tomas Kudelka            40     3   2  0  

Penalty Kill - 3 Players Forward 
   Forward                                           Time % Phy DF OF 
 1 Nick Palmieri                                     60     3   2  0  
 2 Jordan LaVallee                                   40     3   2  0  

Penalty Kill - 3 Players Defense
   Defense                  Defense                  Time % Phy DF OF 
 1 Ian Cole                 Brayden McNabb           60     3   2  0  
 2 Slava Voynov             Tomas Kudelka            40     3   2  0  

4 vs 4 Forward 
   Center                   Wing                     Time % Phy DF OF 
 1 Nick Palmieri            Brandon Kozun            60     3   1  1  
 2 Jordan LaVallee          Petr Vrana               40     3   1  1  

4 vs 4 Defense
   Defense                  Defense                  Time % Phy DF OF 
 1 Ian Cole                 Brayden McNabb           60     3   1  1  
 2 Slava Voynov             Tomas Kudelka            40     3   1  1  

Last Minutes Offensive
   Center                   Left Wing                Right Wing               Defense                  Defense                  
   Tyler Haskins            Jordan LaVallee          Nick Palmieri            Ian Cole                 Brayden McNabb           

Last Minutes Defensive
   Center                   Left Wing                Right Wing               Defense                  Defense                  
   Tyler Haskins            Jordan LaVallee          Nick Palmieri            Ian Cole                 Brayden McNabb           

Goaltenders
Starting : Justin Pogge             
Backup : Harru Sateri             

Extra Forwards
Normal : Joey Hishon, Brandon Kozun, Marek Viedensky - PP : Joey Hishon, Brandon Kozun - PK : Marek Viedensky
Extra Defensemen
Normal : Alexander Urbom, Samuel Groulx, Kyle Bigos - PP : Alexander Urbom - PK : Samuel Groulx, Kyle Bigos
Penalty Shots
Nick Palmieri, Ryan Reaves, Jordan LaVallee, Petr Vrana, Tyler Haskins

% Time on Ice - Tamiflu

Lines # - Real PCT - Wanted PCT - Time Play
Normal Forward
1 - 30% - 35% - 13:09
2 - 29% - 35% - 12:41
3 - 23% - 20% - 9:59
4 - 19% - 10% - 8:12
Normal Defense
1 - 32% - 40% - 13:59
2 - 32% - 30% - 14:01
3 - 30% - 20% - 13:13
4 - 6% - 10% - 2:48
PP Forward
1 - 56% - 60% - 5:03
2 - 44% - 40% - 3:54
PP Defense
1 - 59% - 60% - 5:16
2 - 41% - 40% - 3:41
PK Forward
1 - 75% - 60% - 4:38
2 - 25% - 40% - 1:33
PK Defense
1 - 60% - 50% - 3:41
2 - 40% - 50% - 2:30
PK3 Forward
1 - 0% - 60%
2 - 0% - 40%
PK3 Defense
1 - 0% - 60%
2 - 0% - 40%
44 Forward
1 - 0% - 50%
2 - 0% - 50%
44 Defense
1 - 0% - 60%
2 - 0% - 40%
Last Minute Offensive  - 0:00
Last Minute Defensive  - 0:51
Total
Forward - 60:00
Defense - 60:00

% Time on Ice - Ice Dragons

Lines # - Real PCT - Wanted PCT - Time Play
Normal Forward
1 - 33% - 40% - 14:25
2 - 31% - 30% - 13:31
3 - 25% - 20% - 10:51
4 - 12% - 10% - 5:04
Normal Defense
1 - 35% - 40% - 15:14
2 - 31% - 30% - 13:23
3 - 25% - 20% - 11:02
4 - 10% - 10% - 4:12
PP Forward
1 - 51% - 60% - 3:10
2 - 49% - 40% - 3:01
PP Defense
1 - 53% - 60% - 3:15
2 - 47% - 40% - 2:56
PK Forward
1 - 69% - 60% - 6:10
2 - 31% - 40% - 2:47
PK Defense
1 - 59% - 60% - 5:15
2 - 41% - 40% - 3:42
PK3 Forward
1 - 0% - 60%
2 - 0% - 40%
PK3 Defense
1 - 0% - 60%
2 - 0% - 40%
44 Forward
1 - 0% - 60%
2 - 0% - 40%
44 Defense
1 - 0% - 60%
2 - 0% - 40%
Last Minute Offensive  - 1:01
Last Minute Defensive  - 0:00
Total
Forward - 60:00
Defense - 60:00

Play by Play

1st period


0:01 of 1st period - Tyler Haskins wins face-off versus Greg Mauldin in neutral zone.
0:46 of 1st period - Slapshot by Ian Cole.
0:46 of 1st period - Stopped by Thomas Greiss with a rebound.
0:48 of 1st period - Slapshot by Ian Cole.
0:48 of 1st period - Stopped by Thomas Greiss with a rebound.
1:15 of 1st period - Snap shot by Jan Mursak.
1:15 of 1st period - Stopped by Justin Pogge without a rebound.
1:16 of 1st period - Jamie Arniel wins face-off versus Bradley Malone in Ice Dragons zone.
1:19 of 1st period - Wrist shot by Robert Dome.
1:19 of 1st period - Stopped by Justin Pogge with a rebound.
1:27 of 1st period - Wrist shot by Nick Palmieri.
1:27 of 1st period - Stopped by Thomas Greiss with a rebound.
1:29 of 1st period - Wrist shot by Petr Vrana.
1:29 of 1st period - Shot Blocked by Stefan Elliott.
1:31 of 1st period - Slapshot by Alexander Urbom.
1:31 of 1st period - Deflect By Jamie Arniel.
1:31 of 1st period - Stopped by Thomas Greiss with a rebound.
2:07 of 1st period - Off-side.
2:08 of 1st period - Michael Latta wins face-off versus Jamie Arniel in neutral zone.
2:11 of 1st period - Robert Dome is hit by Kyle Bigos and loses puck.
3:08 of 1st period - Snap shot by Robert Dome.
3:08 of 1st period - Shot Misses the Net.
3:16 of 1st period - Wrist shot by Robert Dome.
3:16 of 1st period - Stopped by Justin Pogge without a rebound.
3:17 of 1st period - Tyler Haskins wins face-off versus Greg Mauldin in Ice Dragons zone.
3:42 of 1st period - Brayden McNabb is hit by Nathan Oystrick and loses puck.
3:47 of 1st period - Snap shot by Mattias Tedenby.
3:47 of 1st period - Stopped by Justin Pogge with a rebound.
4:24 of 1st period - Icing by Tomas Kudelka.
4:25 of 1st period - Brandon Kozun wins face-off versus Colin Greening in Ice Dragons zone.
5:23 of 1st period - Slapshot by Robert Dome.
5:23 of 1st period - Stopped by Justin Pogge with a rebound.
5:31 of 1st period - Slapshot by Robert Dome.
5:31 of 1st period - Shot Misses the Net.
5:33 of 1st period - Slapshot by Justin Braun.
5:33 of 1st period - Deflect By Nino Niederreiter.
5:33 of 1st period - Shot Misses the Net.
5:33 of 1st period - Puck is out of play.
5:34 of 1st period - Tyler Haskins wins face-off versus Greg Mauldin in Ice Dragons zone.
5:38 of 1st period - Off-side.
5:39 of 1st period - Tyler Haskins wins face-off versus Greg Mauldin in neutral zone.
5:42 of 1st period - Slapshot by Nick Palmieri.
5:42 of 1st period - Stopped by Thomas Greiss with a rebound.
5:44 of 1st period - Slapshot by Ian Cole.
5:44 of 1st period - Stopped by Thomas Greiss without a rebound.
5:45 of 1st period - Tyler Haskins wins face-off versus Greg Mauldin in Tamiflu zone.
5:48 of 1st period - Snap shot by Nick Palmieri.
5:48 of 1st period - Stopped by Thomas Greiss without a rebound.
5:49 of 1st period - Greg Mauldin wins face-off versus Tyler Haskins in Tamiflu zone.
5:49 of 1st period - Greg Mauldin is hit by Ian Cole.
6:11 of 1st period - Major Penalty to Tyler Haskins for Boarding.
6:12 of 1st period - Greg Mauldin wins face-off versus Nick Palmieri in Ice Dragons zone.
6:13 of 1st period - Slapshot by Robert Dome.
6:13 of 1st period - Deflect By Greg Mauldin.
6:13 of 1st period - Stopped by Justin Pogge with a rebound.
6:15 of 1st period - Slapshot by Robert Dome.
6:15 of 1st period - Stopped by Justin Pogge with a rebound.
6:17 of 1st period - Snap shot by Greg Mauldin.
6:17 of 1st period - Stopped by Justin Pogge with a rebound.
6:19 of 1st period - Snap shot by Nino Niederreiter.
6:19 of 1st period - Shot Misses the Net.
6:21 of 1st period - Slapshot by Philip Samuelsson.
6:21 of 1st period - Shot Blocked by Brayden McNabb.
6:23 of 1st period - Slapshot by Jordan Hendry.
6:23 of 1st period - Stopped by Justin Pogge without a rebound.
6:24 of 1st period - Greg Mauldin wins face-off versus Nick Palmieri in Ice Dragons zone.
6:49 of 1st period - Jordan Hendry is hit by Jordan LaVallee and loses puck.
7:36 of 1st period - Marek Viedensky is hit by Jordan Hendry and loses puck.
11:02 of 1st period - Philip Samuelsson is hit by Marek Viedensky and loses puck.
11:11 of 1st period - Penalty to Tyler Haskins is over, Tyler Haskins is back on ice.
17:19 of 1st period - Jamie Arniel is hit by Bradley Malone and loses puck.
17:32 of 1st period - Wrist shot by Mattias Tedenby.
17:32 of 1st period - Goal by Mattias Tedenby - Tamiflu : 1 - Ice Dragons : 0.
17:33 of 1st period - Petr Vrana wins face-off versus Greg Mauldin in neutral zone.
17:46 of 1st period - Slapshot by Petr Pohl.
17:46 of 1st period - Deflect By Brayden McNabb.
17:46 of 1st period - Goal by Petr Pohl - Tamiflu : 2 - Ice Dragons : 0.
17:47 of 1st period - Greg Mauldin wins face-off versus Tyler Haskins in neutral zone.
18:13 of 1st period - Ryan Reaves is hit by Adam Larsson and loses puck.
19:02 of 1st period - Wrist shot by Nick Palmieri.
19:02 of 1st period - Stopped by Thomas Greiss without a rebound.
19:03 of 1st period - Jordan LaVallee wins face-off versus Greg Mauldin in Tamiflu zone.
19:04 of 1st period - Snap shot by Nick Palmieri.
19:04 of 1st period - Shot Blocked by Adam Larsson.
19:14 of 1st period - Wrist shot by Greg Mauldin.
19:14 of 1st period - Stopped by Justin Pogge with a rebound.
19:16 of 1st period - Snap shot by Petr Pohl.
19:16 of 1st period - Shot Misses the Net.
19:18 of 1st period - Slapshot by Nathan Oystrick.
19:18 of 1st period - Shot Blocked by Nick Palmieri.
19:44 of 1st period - Snap shot by Tye McGinn.
19:44 of 1st period - Shot Blocked by Nick Palmieri.
19:46 of 1st period - Snap shot by Philip Samuelsson.
19:46 of 1st period - Shot Blocked by Jordan LaVallee.
19:56 of 1st period - Backhand shot by Petr Pohl.
19:56 of 1st period - Stopped by Justin Pogge with a rebound.
19:58 of 1st period - Slapshot by Tye McGinn.
19:58 of 1st period - Shot Misses the Net.
Goals for this period are 2 for Tamiflu vs 0 for Ice Dragons.
Shots for this period are 13 for Tamiflu vs 8 for Ice Dragons.

2nd period


0:01 of 2nd period - Jamie Arniel wins face-off versus Tyler Haskins in neutral zone.
0:10 of 2nd period - Snap shot by Nick Palmieri.
0:10 of 2nd period - Stopped by Thomas Greiss without a rebound.
0:11 of 2nd period - Jamie Arniel wins face-off versus Tyler Haskins in Tamiflu zone.
0:47 of 2nd period - Wrist shot by Petr Pohl.
0:47 of 2nd period - Stopped by Justin Pogge with a rebound.
1:12 of 2nd period - Wrist shot by Mattias Tedenby.
1:12 of 2nd period - Shot Misses the Net.
1:24 of 2nd period - Tomas Kudelka is hit by Rich Clune and loses puck.
1:31 of 2nd period - Slapshot by Jordan LaVallee.
1:31 of 2nd period - Goal by Jordan LaVallee - Tamiflu : 2 - Ice Dragons : 1.
1:32 of 2nd period - Jamie Arniel wins face-off versus Jordan LaVallee in neutral zone.
1:41 of 2nd period - Jamie Arniel is hit by Jordan LaVallee and loses puck.
1:46 of 2nd period - Snap shot by Jordan LaVallee.
1:46 of 2nd period - Stopped by Thomas Greiss with a rebound.
1:48 of 2nd period - Slapshot by Brayden McNabb.
1:48 of 2nd period - Stopped by Thomas Greiss without a rebound.
1:49 of 2nd period - Michael Latta wins face-off versus Greg Mauldin in Tamiflu zone.
2:16 of 2nd period - Tyler Haskins is hit by Robert Dome and loses puck.
2:40 of 2nd period - Minor Penalty to Brandon Kozun for Hooking.
2:41 of 2nd period - Robert Dome wins face-off versus Nick Palmieri in Ice Dragons zone.
2:54 of 2nd period - Wrist shot by Nick Palmieri.
2:54 of 2nd period - Shot Misses the Net.
2:56 of 2nd period - Backhand shot by Logan MacMillan.
2:56 of 2nd period - Shot Misses the Net.
4:12 of 2nd period - Marek Viedensky is hit by Robert Dome.
4:40 of 2nd period - Penalty to Brandon Kozun is over, Brandon Kozun is back on ice.
5:10 of 2nd period - Slapshot by Nathan Oystrick.
5:10 of 2nd period - Shot Misses the Net.
5:16 of 2nd period - Rich Clune is hit by Kyle Bigos.
5:30 of 2nd period - Alexander Urbom is hit by Colin Greening and loses puck.
5:51 of 2nd period - Nick Palmieri is hit by Petr Pohl and loses puck.
6:09 of 2nd period - Icing by Tomas Kudelka.
6:10 of 2nd period - Marek Viedensky wins face-off versus Casey Wellman in Ice Dragons zone.
6:31 of 2nd period - Snap shot by Nino Niederreiter.
6:31 of 2nd period - Shot Misses the Net.
6:33 of 2nd period - Wrist shot by Robert Dome.
6:33 of 2nd period - Shot Misses the Net.
6:35 of 2nd period - Slapshot by Justin Braun.
6:35 of 2nd period - Stopped by Justin Pogge with a rebound.
6:37 of 2nd period - Snap shot by Robert Dome.
6:37 of 2nd period - Goal by Robert Dome - Tamiflu : 3 - Ice Dragons : 1.
6:38 of 2nd period - Tyler Haskins wins face-off versus Jamie Arniel in neutral zone.
6:40 of 2nd period - Minor Penalty to Tyler Haskins for Tripping.
6:41 of 2nd period - Nick Palmieri wins face-off versus Greg Mauldin in Ice Dragons zone.
6:53 of 2nd period - Snap shot by Robert Dome.
6:53 of 2nd period - Shot Misses the Net.
6:55 of 2nd period - Slapshot by Philip Samuelsson.
6:55 of 2nd period - Shot Hit the Post.
6:57 of 2nd period - Slapshot by Jordan Hendry.
6:57 of 2nd period - Shot Blocked by Nick Palmieri.
8:40 of 2nd period - Penalty to Tyler Haskins is over, Tyler Haskins is back on ice.
9:01 of 2nd period - Jordan Hendry is hit by Petr Vrana.
10:24 of 2nd period - Michael Latta is hit by Colin Greening.
11:03 of 2nd period - Wrist shot by Tyler Haskins.
11:03 of 2nd period - Shot Blocked by Justin Braun.
11:13 of 2nd period - Rich Clune is hit by Michael Latta and loses puck.
11:46 of 2nd period - Snap shot by Petr Pohl.
11:46 of 2nd period - Shot Hit the Post.
11:58 of 2nd period - Ryan Reaves is hit by Mike Duco and loses puck.
12:25 of 2nd period - Icing by Greg Mauldin.
12:26 of 2nd period - Colin Greening wins face-off versus Bradley Malone in Tamiflu zone.
12:31 of 2nd period - Slapshot by Philip Samuelsson.
12:31 of 2nd period - Shot Blocked by Bradley Malone.
12:41 of 2nd period - Mattias Tedenby is hit by Tomas Kudelka and loses puck.
12:52 of 2nd period - Mike Duco is hit by Slava Voynov and loses puck.
14:05 of 2nd period - Slava Voynov is hit by Robert Dome and loses puck.
14:28 of 2nd period - Petr Vrana is hit by Mattias Tedenby.
14:32 of 2nd period - Mattias Tedenby is hit by Petr Vrana and loses puck.
14:47 of 2nd period - Jordan LaVallee is hit by Jan Mursak and loses puck.
15:52 of 2nd period - Slapshot by Stefan Elliott.
15:52 of 2nd period - Shot Blocked by Tomas Kudelka.
15:54 of 2nd period - Slapshot by Mattias Tedenby.
15:54 of 2nd period - Shot Misses the Net.
15:56 of 2nd period - Snap shot by Mike Duco.
15:56 of 2nd period - Shot Misses the Net.
17:14 of 2nd period - Snap shot by Jan Mursak.
17:14 of 2nd period - Stopped by Justin Pogge with a rebound.
17:16 of 2nd period - Wrist shot by Adam Larsson.
17:16 of 2nd period - Shot Blocked by Nick Palmieri.
17:18 of 2nd period - Wrist shot by Jan Mursak.
17:18 of 2nd period - Deflect By Casey Wellman.
17:18 of 2nd period - Shot Blocked by Alexander Urbom.
17:18 of 2nd period - Puck is out of play.
17:19 of 2nd period - Marek Viedensky wins face-off versus Nino Niederreiter in Ice Dragons zone.
17:19 of 2nd period - Marek Viedensky is hit by Robert Dome.
17:31 of 2nd period - Snap shot by Brandon Kozun.
17:31 of 2nd period - Shot Misses the Net.
18:00 of 2nd period - Jordan LaVallee is hit by Mike Duco and loses puck.
19:23 of 2nd period - Alexander Urbom is hit by Colin Greening and loses puck.
19:44 of 2nd period - Michael Latta is hit by Nino Niederreiter and loses puck.
Goals for this period are 1 for Tamiflu vs 1 for Ice Dragons.
Shots for this period are 4 for Tamiflu vs 4 for Ice Dragons.

3rd period


0:01 of 3rd period - Jordan LaVallee wins face-off versus Jamie Arniel in neutral zone.
0:04 of 3rd period - Snap shot by Nick Palmieri.
0:04 of 3rd period - Shot Misses the Net.
0:10 of 3rd period - Backhand shot by Nick Palmieri.
0:10 of 3rd period - Deflect By Tyler Haskins.
0:10 of 3rd period - Stopped by Thomas Greiss without a rebound.
0:11 of 3rd period - Jamie Arniel wins face-off versus Tyler Haskins in Tamiflu zone.
0:22 of 3rd period - Nick Palmieri is hit by Jamie Arniel and loses puck.
0:59 of 3rd period - Minor Penalty to Adam Larsson for Holding.
1:00 of 3rd period - Jan Mursak wins face-off versus Tyler Haskins in Tamiflu zone.
1:10 of 3rd period - Mike Duco is hit by Tomas Kudelka and loses puck.
2:22 of 3rd period - Icing by Tomas Kudelka.
2:23 of 3rd period - Michael Latta wins face-off versus Jan Mursak in Ice Dragons zone.
2:38 of 3rd period - Snap shot by Jamie Arniel.
2:38 of 3rd period - Stopped by Justin Pogge with a rebound.
2:59 of 3rd period - Penalty to Adam Larsson is over, Adam Larsson is back on ice.
3:01 of 3rd period - Off-side.
3:02 of 3rd period - Marek Viedensky wins face-off versus Greg Mauldin in neutral zone.
3:09 of 3rd period - Snap shot by Ian Cole.
3:09 of 3rd period - Shot Blocked by Greg Mauldin.
3:11 of 3rd period - Snap shot by Logan MacMillan.
3:11 of 3rd period - Stopped by Thomas Greiss with a rebound.
3:13 of 3rd period - Snap shot by Logan MacMillan.
3:13 of 3rd period - Stopped by Thomas Greiss with a rebound.
3:15 of 3rd period - Slapshot by Marek Viedensky.
3:15 of 3rd period - Shot Misses the Net.
3:17 of 3rd period - Slapshot by Ian Cole.
3:17 of 3rd period - Deflect By Brandon Kozun.
3:17 of 3rd period - Shot Misses the Net.
3:17 of 3rd period - Puck is out of play.
3:18 of 3rd period - Tyler Haskins wins face-off versus Jamie Arniel in Tamiflu zone.
3:19 of 3rd period - Slapshot by Nick Palmieri.
3:19 of 3rd period - Shot Misses the Net.
3:21 of 3rd period - Slapshot by Ian Cole.
3:21 of 3rd period - Shot Blocked by Nino Niederreiter.
3:23 of 3rd period - Snap shot by Brayden McNabb.
3:23 of 3rd period - Goal by Brayden McNabb - Tamiflu : 3 - Ice Dragons : 2.
3:24 of 3rd period - Nino Niederreiter wins face-off versus Nick Palmieri in neutral zone.
3:26 of 3rd period - Minor Penalty to Philip Samuelsson for Tripping.
3:27 of 3rd period - Tyler Haskins wins face-off versus Jan Mursak in Tamiflu zone.
3:31 of 3rd period - Snap shot by Jordan LaVallee.
3:31 of 3rd period - Shot Blocked by Justin Braun.
5:26 of 3rd period - Penalty to Philip Samuelsson is over, Philip Samuelsson is back on ice.
6:07 of 3rd period - Joey Hishon is hit by Adam Larsson.
7:03 of 3rd period - Tyler Haskins is hit by Petr Pohl and loses puck.
7:39 of 3rd period - Logan MacMillan is hit by Mattias Tedenby and loses puck.
10:15 of 3rd period - Snap shot by Petr Pohl.
10:15 of 3rd period - Stopped by Justin Pogge with a rebound.
10:25 of 3rd period - Ian Cole is hit by Adam Larsson and loses puck.
10:40 of 3rd period - Brayden McNabb is hit by Rich Clune and loses puck.
11:24 of 3rd period - Minor Penalty to Robert Dome for Tripping.
11:25 of 3rd period - Michael Latta wins face-off versus Jan Mursak in Tamiflu zone.
11:39 of 3rd period - Ryan Reaves is hit by Mike Duco and loses puck.
13:02 of 3rd period - Tyler Haskins is hit by Jamie Arniel and loses puck.
13:15 of 3rd period - Adam Larsson is hit by Petr Vrana and loses puck.
13:24 of 3rd period - Penalty to Robert Dome is over, Robert Dome is back on ice.
13:40 of 3rd period - Snap shot by Petr Pohl.
13:40 of 3rd period - Stopped by Justin Pogge without a rebound.
13:41 of 3rd period - Marek Viedensky wins face-off versus Greg Mauldin in Ice Dragons zone.
14:09 of 3rd period - Slapshot by Robert Dome.
14:09 of 3rd period - Stopped by Justin Pogge with a rebound.
14:27 of 3rd period - Snap shot by Mattias Tedenby.
14:27 of 3rd period - Shot Misses the Net.
14:31 of 3rd period - Slapshot by Jordan Hendry.
14:31 of 3rd period - Stopped by Justin Pogge with a rebound.
14:33 of 3rd period - Slapshot by Philip Samuelsson.
14:33 of 3rd period - Deflect By Mattias Tedenby.
14:33 of 3rd period - Shot Misses the Net.
14:33 of 3rd period - Puck is out of play.
14:34 of 3rd period - Michael Latta wins face-off versus Greg Mauldin in Ice Dragons zone.
14:34 of 3rd period - Michael Latta is hit by Greg Mauldin.
14:59 of 3rd period - Nino Niederreiter is hit by Slava Voynov and loses puck.
17:08 of 3rd period - Slapshot by Philip Samuelsson.
17:08 of 3rd period - Shot Blocked by Ian Cole.
17:10 of 3rd period - Backhand shot by Philip Samuelsson.
17:10 of 3rd period - Shot Misses the Net.
17:12 of 3rd period - Wrist shot by Greg Mauldin.
17:12 of 3rd period - Stopped by Justin Pogge with a rebound.
17:35 of 3rd period - Adam Larsson is hit by Samuel Groulx and loses puck.
18:39 of 3rd period - Petr Vrana is hit by Petr Pohl and loses puck.
18:50 of 3rd period - Logan MacMillan is hit by Nino Niederreiter and loses puck.
19:18 of 3rd period - Ice Dragons, Justin Pogge is pulled from the net.
19:45 of 3rd period - Minor Penalty to Nino Niederreiter for Hooking.
19:46 of 3rd period - Michael Latta wins face-off versus Jan Mursak in Tamiflu zone.
19:46 of 3rd period - Slapshot by Slava Voynov.
19:46 of 3rd period - Stopped by Thomas Greiss without a rebound.
19:47 of 3rd period - Darryl Sutter call a timeout for Ice Dragons.
19:47 of 3rd period - Michael Latta wins face-off versus Jan Mursak in Tamiflu zone.
19:50 of 3rd period - Snap shot by Michael Latta.
19:50 of 3rd period - Stopped by Thomas Greiss without a rebound.
19:51 of 3rd period - Jan Mursak wins face-off versus Michael Latta in Tamiflu zone.
Goals for this period are 0 for Tamiflu vs 1 for Ice Dragons.
Shots for this period are 6 for Tamiflu vs 6 for Ice Dragons.